 Dungeon Crawl Stone Soup version 0.31-a0-1178-gc5c9b8f871 (webtiles) character file.

Game seed: 9822663018258732972

25 qw the Shooter (level 3, 0/21 HPs)
             Began as a Gargoyle Hunter on Dec 11, 2023.
             Slain by Terence
             ... wielding a +0 trident
              (9 damage)
             ... on level 2 of the Dungeon.
             The game lasted 00:00:14 (555 turns).

qw the Shooter (Gargoyle Hunter)                     Turns: 555, Time: 00:00:15

Health: 0/21       AC:  6    Str: 12 (14) XL:     3   Next: 4%
Magic:  3/3        EV: 11    Int:  7 (9)  God:
Gold:   46         SH:  0    Dex: 12 (15) Spells: 2/2 levels left

rFire   . . .        a - +0 shortbow
rCold   . . .        (shield currently unavailable)
rNeg    + . .        c - +0 leather armour
rPois   inf          (no helmet)
rElec   +            (no cloak)
rCorr   .            (no gloves)
SInv    .            (no boots)
Will    .....        (no amulet)
Stlth   +            (no ring)
HPRegen 0.23/turn    (no ring)
MPRegen 0.08/turn

%: no passive effects
@: no status effects
A: sickness immunity, AC +3, negative energy resistance 1, electricity
resistance, torment resistance 1, petrification resistance
a: no special abilities


You were on level 2 of the Dungeon.
You visited 1 branch of the dungeon, and saw 2 of its levels.

You collected 46 gold pieces.


Innate Abilities, Weirdness & Mutations

You are immune to sickness and miasma.
Your stone body is resilient. (AC +3)
You are immune to poison.
You resist negative energy. (rN+)
You are resistant to electric shocks. (rElec)
You are resistant to unholy torment.
You are immune to petrification.


   Skills:
 - Level 2.1 Fighting
 + Level 4.9 Ranged Weapons
 - Level 1.5 Dodging
 - Level 1.1 Stealth


You had 2 spell levels left.
You didn't know any spells.
Your spell library was empty.

Inventory:

Hand Weapons
 a - a +0 shortbow (weapon)
Armour
 c - a +0 leather armour (worn)
Potions
 b - a potion of lignification {unknown}
 d - a potion of heal wounds {unknown}
 e - a potion of curing {unknown}

Dungeon Overview and Level Annotations

Branches:
Dungeon (2/15)

Altars:

Annotations:
D:2 Terence


Message History

e - a cyan potion
Found a stone staircase leading down.
There is a stone staircase leading down here.
A bat comes into view.
You shoot an arrow. The arrow hits the bat.
You kill the bat!
Terence the Incautious comes into view.
He is wielding a +0 trident.
You shoot an arrow.
Terence shouts!
The arrow hits Terence but does no damage.
You shoot an arrow. The arrow completely misses Terence.
Terence closely misses you.
You shoot an arrow. The arrow closely misses Terence.
Terence hits you but does no damage.
You shoot an arrow.
The arrow hits Terence but does no damage.
Terence closely misses you.
You shoot an arrow.
The arrow hits Terence but does no damage.
Terence shouts, "Now you die!" Terence hits you but does no damage.
Terence closely misses you.
You shoot an arrow. The arrow hits Terence.
Terence is lightly wounded.
Terence misses you.
You shoot an arrow. The arrow hits Terence!
Terence is heavily wounded.
Terence barely misses you.
You shoot an arrow. The arrow barely misses Terence.
Terence hits you from afar with a +0 trident.
You shoot an arrow. The arrow closely misses Terence.
Terence screams, "I want your blood!" Terence closely misses you.
You shoot an arrow. The arrow hits Terence.
Terence is severely wounded.
Terence bares his teeth.
Terence hits you from afar with a +0 trident. x2
You shoot an arrow. The arrow closely misses Terence.
Terence hits you from afar with a +0 trident!
You die...
Terence says, "Rest in peace."

#####......(.#
#.#
.........###.#
######.#
#####.####
#......# #.#
#.###### #.# #.#
#.# #># ..#
####.####### #.#
###%##...........
#..
.....@.@.########
###!##...# ##$##
#.# ..# #.## #.
..


You could see Terence.

Vanquished Creatures
  A dart slug (D:1)
  A ball python (D:1)
  5 bats
  2 endoplasms (D:1)
  A giant cockroach (D:1)
  2 goblins (D:1)
  3 hobgoblins (D:1)
  A frilled lizard (D:1)
  5 rats (D:1)
21 creatures vanquished.

Notes
Turn   | Place    | Note
-------+----------+-------------------------------------------
     0 | D:1      | qw the Gargoyle Hunter began the quest for the Orb.
     0 | D:1      | Reached XP level 1. HP: 12/12 MP: 1/1
     0 | D:1      | 0 ||| qw: Version: 0.3-a-106-g2cfff9e
     0 | D:1      | 0 ||| qw: Game counter: 2018
     0 | D:1      | 0 ||| qw: Melee chars always use a shield: true
     0 | D:1      | 0 ||| qw: God list: Okawaru
     0 | D:1      | 0 ||| qw: Allow faded altars: false
     0 | D:1      | 0 ||| qw: Do Orc after clearing Dungeon:15 true
     0 | D:1      | 0 ||| qw: Do second Lair branch before Depths: true
     0 | D:1      | 0 ||| qw: Lair rune preference: random
     0 | D:1      | 0 ||| qw: Goals: Normal, Save, Zot:1-4, Win
     0 | D:1      | 0 ||| PLANNING D:1-11
   115 | D:1      | Reached XP level 2. HP: 17/17 MP: 2/2
   392 | D:1      | 392 ||| READING scroll labelled QIED KUMIUCIR.
   395 | D:1      | 395 ||| DRINKING 2 sapphire potions.
   396 | D:1      | 396 ||| DROPPING scroll of butterflies.
   397 | D:1      | 397 ||| DROPPING potion of degeneration.
   469 | D:2      | Reached XP level 3. HP: 21/21 MP: 3/3
   544 | D:2      | Noticed Terence
   555 | D:2      | Slain by Terence

Levels and vault maps discovered:
D:1:      amcnicky_arrival_feature_with_door, layout_rooms,
          hangedman_decor_clover_reticule
D:2:      layout_loops_ring, uniq_natasha, uniq_terence

Action                     || total
---------------------------++-------
   Fire: Shortbow          ||    58
    Use: Scroll            ||     1
         Potion            ||     1
 Armour: Leather armour    ||    24
  Dodge: Dodged            ||    13

Table legend:
 A = Non-vault XP
 B = Vault XP
 C = Vault XP percentage of total XP
 D = Non-vault monster count
 E = Vault monster count
 F = Vault count percentage of total count
                 A         B        C        D         E       F
            +---------+---------+-------+---------+---------+-------
      Total |      36 |       0 |   0.0 |      21 |       0 |   0.0
            +---------+---------+-------+---------+---------+-------
        D:1 |      31 |       0 |   0.0 |      18 |       0 |   0.0
        D:2 |       5 |       0 |   0.0 |       3 |       0 |   0.0
            +---------+---------+-------+---------+---------+-------
